 Dungeon Crawl Stone Soup version 0.21.0-25-ge575cb9 (webtiles) character file.

989 Goblin1989 the Chopper (level 7, 0/55 HPs)
             Began as a Demonspawn Monk on Jan 25, 2018.
             Was an Initiate of Gozag.
             Slain by a gnoll
             ... wielding a +0 spear
              (2 damage)
             ... on level 6 of the Dungeon on Jan 26, 2018.
             The game lasted 00:14:39 (5783 turns).

Goblin1989 the Chopper (Demonspawn Monk)            Turns: 5783, Time: 00:14:41

Health: 0/55       AC:  7    Str: 13    XL:     7   Next: 98%
Magic:  0/7        EV: 14    Int: 12    God:    Gozag
Gold:   631        SH:  7    Dex: 15    Spells: 2/6 levels left

rFire    + . .     SeeInvis .   a - +0 hand axe
rCold    + + +     Gourm    .   (no shield)
rNeg     . . .     Faith    .   u - +3 leather armour {MR+}
rPois    +         Spirit   +   (helmet restricted)
rElec    +         Reflect  +   s - +0 cloak (curse)
rCorr    +         Harm     .   (no gloves)
MR       +....                  (no boots)
Stlth    ++........             I - +3 amulet of reflection
HPRegen  0.18/turn              c - ring of protection from cold
MPRegen  0.20/turn              J - ring of protection from cold

@: lethally poisoned (0 -> -19), resistant, gold aura
A: horns 1, large bone plates 1, demonic guardian 1, magic shield, magic
regeneration
a: Potion Petition, Call Merchant, Bribe Branch, Renounce Religion


You were on level 6 of the Dungeon.
You worshipped Gozag.
Gozag was pleased with you.
You were not hungry.

You visited 1 branch of the dungeon, and saw 6 of its levels.

You collected 887 gold pieces.
You spent 256 gold pieces at shops.

Inventory:

Hand Weapons
 a - a +0 hand axe (weapon)
 y - a +0 hunting sling of velocity
 F - a +0 war axe
Missiles
 t - 2 javelins (quivered)
 B - 63 stones
 L - 39 sling bullets
Armour
 s - a cursed +0 cloak (worn)
 u - a +3 leather armour of magic resistance (worn)
 C - the +1 pair of boots of Etsyqeir {rF- Str-3 Int+6 Slay+4}
   (You bought it in a shop on level 4 of the Dungeon)

   It affects your strength (-3).
   It affects your intelligence (+6).
   It affects your accuracy and damage with ranged weapons and melee attacks
   (+4).
   It makes you vulnerable to fire.
 E - a +0 crystal plate armour
Jewellery
 c - a ring of protection from cold (left hand)
 I - a +3 amulet of reflection (around neck)
 J - a ring of protection from cold (right hand)
 K - an uncursed ring of protection from fire {unknown}
Wands
 v - a wand of polymorph (6)
 A - a wand of acid (8)
Scrolls
 h - 8 scrolls of identify {unknown}
 i - 2 scrolls of blinking {unknown}
 k - 2 scrolls of fog {unknown}
 l - 5 scrolls of immolation {unknown}
 q - 2 scrolls of remove curse {unknown}
 r - a scroll of random uselessness {unknown}
 x - 2 scrolls of enchant armour {unknown}
 D - a scroll of enchant weapon {unknown}
 G - a scroll of teleportation {unknown}
Potions
 f - 2 potions of curing {unknown}
 m - 2 potions of berserk rage {unknown}
 n - a potion of invisibility {unknown}
 p - 2 potions of mutation {unknown}
 w - 2 potions of resistance
 H - 3 potions of degeneration {unknown}
Comestibles
 e - 3 rations


   Skills:
 + Level 4.8 Fighting
 * Level 7.3 Axes
 + Level 4.4 Dodging
 - Level 1.7 Stealth


You had 2 spell levels left.
You knew the following spells:

 Your Spells              Type           Power        Failure   Level  Hunger
l - Summon Lightning Spi  Summ/Air       #.......     99%         4    #####..


Dungeon Overview and Level Annotations

Branches:
Dungeon (6/15)             Temple (0/1) D:5

Altars:
Dithmenos
Fedhas
Gozag
Hepliaklqana
Uskayaw

Shops:
D:4 [

Annotations:
D:6 Eustachio


Innate Abilities, Weirdness & Mutations

You have a pair of small horns on your head.
You are partially covered in large bone plates. (SH +4)
A weak demonic guardian rushes to your aid.
When hurt, damage is shared between your health and your magic reserves.
You regenerate magic rapidly.


Message History

You hit the jelly.
Your hands burn!
The jelly is lightly wounded.
The gnoll misses you. The gnoll closely misses you.
You block the jelly's attack.
You hit the jelly.
Your hands burn!
The jelly is moderately wounded.
You hit the worker ant.
The gnoll hits you from afar with a spear.
The gnoll closely misses you. The gnoll hits you but does no damage.
You are poisoned.
The worker ant bites you.
You are more poisoned.
The worker ant poisons you! The jelly misses you.
Your iron imp hits the jelly!
The acid corrodes your iron imp!
Your iron imp is burned by acid!
You take 9 damage, and have 36/55 hp.
You now have 5/7 mp.
You completely miss the jelly. You headbutt the jelly.
You kill the jelly!
You hit the worker ant.
You feel sick.
The gnoll hits you from afar with a spear!
You block the gnoll's attack.
The worker ant bites you but does no damage.
The gnoll barely misses you.
Your iron imp barely misses the gnoll.
You take 10 damage, and have 26/55 hp.
You now have 4/7 mp.
You are too injured to fight recklessly!
Unknown command.
You are too injured to fight recklessly!
Unknown command.
You are too injured to fight recklessly!
Unknown command.
You are too injured to fight recklessly!
Unknown command.
You are too injured to fight recklessly!
Unknown command.
You feel sick.
The worker ant is distracted by the nearby gold.
The gnoll barely misses you.
The gnoll hits you with a spear of venom.
* * * LOW HITPOINT WARNING * * *
You are lethally poisoned!
The gnoll misses you. The gnoll closely misses you.
The worker ant twitches its antennae in your direction.
You see here 5 gold pieces.
You take 5 damage, and have 21/55 hp.
You now have 3/7 mp.
You hit the gnoll.
The gnoll is moderately wounded.
You closely miss the gnoll. You completely miss the worker ant.
The worker ant is no longer distracted by gold.
You hit the gnoll but do no damage.
* * * LOW HITPOINT WARNING * * *
You feel sick. The worker ant bites you.
* * * LOW HITPOINT WARNING * * *
Your iron imp closely misses the gnoll.
You block the gnoll's attack. The gnoll barely misses you.
You block the gnoll's attack.
An iguana comes into view.
You take 4 damage, and have 17/55 hp.
You closely miss the gnoll.
The gnoll is moderately wounded.
The iguana hisses angrily.
You hit the gnoll. You hit the worker ant. You hit the gnoll but do no damage.
* * * LOW HITPOINT WARNING * * *
You feel sick. The worker ant closely misses you. The gnoll closely misses you.
The gnoll misses you. The gnoll barely misses you.
Your iron imp closely misses the gnoll.
The worker ant barely misses you.
You take 1 damage, and have 16/55 hp.
Your leather armour prevents you from hitting the gnoll.
You headbutt the gnoll!
The gnoll is severely wounded.
You closely miss the gnoll.
You hit the worker ant but do no damage.
You hit the gnoll.
* * * LOW HITPOINT WARNING * * *
You feel sick.
The gnoll hits you from afar with a halberd of venom.
* * * LOW HITPOINT WARNING * * *
You are more poisoned.
You block the gnoll's attack. The gnoll closely misses you. x2
Your iron imp hits the gnoll.
The worker ant misses you.
You take 5 damage, and have 11/55 hp.
You now have 3/7 mp.
* * * LOW HITPOINT WARNING * * *
You feel sick. You block the gnoll's attack. The gnoll closely misses you.
The gnoll hits you from afar with a spear of venom.
* * * LOW HITPOINT WARNING * * *
The worker ant misses you.
You take 6 damage, and have 5/55 hp.
You now have 1/7 mp.
* * * LOW HITPOINT WARNING * * *
You feel sick.
Your iron imp hits the gnoll.
The gnoll hits your quasit with a spear of venom.
The gnoll completely misses your quasit.
You take 2 damage, and have 3/55 hp.
Unknown command.
It was a potion of resistance.
You feel protected.
* * * LOW HITPOINT WARNING * * *
You feel sick. The worker ant closely misses you.
Your quasit barely misses the gnoll. x2; Your quasit misses the gnoll.
Your iron imp hits the gnoll.
The gnoll hits you from afar with a spear.
You die...
Your body crumbles into a pile of gold.

██.████...█.█████..█
██..█████)...█ ██.█
...█...██...███ █.█
██...........█ █..
█.......████...█ ██.
█.......█ ██..█ ██
█.......█ ..
██...?^.█ .
██.@a...█ .███
..██.......█...
.....
█.....5g5......


█████ ███l.ggg....... █ ....█....>..... █ ...███......... █ .... █......... ..
... ..█████... ██ .█ █.█ You could see an iguana, a worker ant, 4 gnolls, a
friendly iron imp and a friendly quasit.

Vanquished Creatures
  A sky beast (D:5)
  A phantom (D:6)
  Blork the orc (D:6)
  A scorpion (D:3)
  A wyvern skeleton (D:5)
  A howler monkey (D:4)
  A bullfrog zombie (D:5)
  2 hounds
  3 jellies
  3 orc wizards (D:4)
  2 orc priests
  Ijyb (D:3)
  A worker ant (D:4)
  An iguana (D:4)
  A killer bee zombie (D:5)
  A howler monkey zombie (D:6)
  3 adders
  A shadow imp (D:5)
  An adder zombie (D:5)
  2 worms
  7 dart slugs
  3 leopard geckos
  11 orcs
  6 giant cockroaches
  10 goblins
  7 hobgoblins
  10 jackals
  9 kobolds
  2 quokkas
  2 ball pythons
  5 bats
  5 frilled lizards
  A jackal skeleton (D:6)
  6 rats
113 creatures vanquished.

Vanquished Creatures (collateral kills)
  A centaur (D:6)
  A jelly (D:5)
  A worker ant (D:6)
  3 orcs
6 creatures vanquished.

Grand Total: 119 creatures vanquished

Notes
Turn   | Place    | Note
-------+----------+-------------------------------------------
     0 | D:1      | Goblin1989 the Demonspawn Monk began the quest for the Orb.
     0 | D:1      | Reached XP level 1. HP: 18/18 MP: 1/1
    22 | D:1      | Reached skill level 3 in Axes
   159 | D:1      | Gained mutation: You are partially covered in large bone plates. (SH +4) [demonic ancestry]
   159 | D:1      | Reached XP level 2. HP: 24/24 MP: 2/2
   631 | D:1      | Gained mutation: When hurt, damage is shared between your health and your magic reserves. [demonic ancestry]
   631 | D:1      | Reached XP level 3. HP: 29/29 MP: 3/3
   969 | D:1      | Reached skill level 4 in Axes
  1223 | D:2      | Found an opulent altar of Gozag.
  1234 | D:2      | Became a worshipper of Gozag Ym Sagoz the Greedy
  2273 | D:3      | Noticed Ijyb
  2430 | D:3      | Gained mutation: A weak demonic guardian rushes to your aid. [demonic ancestry]
  2430 | D:3      | Reached XP level 4. HP: 27/35 MP: 4/4
  2762 | D:3      | Killed Ijyb
  2770 | D:3      | Reached skill level 5 in Axes
  2786 | D:3      | Gained mutation: You have a pair of small horns on your head. [demonic ancestry]
  2786 | D:3      | Reached XP level 5. HP: 32/41 MP: 5/5
  3106 | D:3      | Found a hazy altar of Hepliaklqana.
  3607 | D:4      | Learned a level 4 spell: Summon Lightning Spire
  3781 | D:4      | Gained mutation: You regenerate magic rapidly. [demonic ancestry]
  3781 | D:4      | Reached XP level 6. HP: 28/47 MP: 4/6
  3826 | D:4      | Found Nuim's Antique Armour Shop.
  3833 | D:4      | Bought a pair of transparent boots for 256 gold pieces
  3838 | D:4      | Identified the +1 pair of boots of Etsyqeir {rF- Str-3 Int+6 Slay+4} (You bought it in a shop on level 4 of the Dungeon)
  4224 | D:4      | Reached skill level 6 in Axes
  4677 | D:5      | Entered Level 5 of the Dungeon
  4700 | D:5      | Reached XP level 7. HP: 45/54 MP: 7/7
  5109 | D:5      | Found a staircase to the Ecumenical Temple.
  5305 | D:5      | Found a shadowy altar of Dithmenos.
  5373 | D:5      | Found a blossoming altar of Fedhas.
  5373 | D:5      | Found a hide-covered altar of Uskayaw.
  5460 | D:6      | Noticed Eustachio
  5534 | D:6      | Reached skill level 7 in Axes
  5723 | D:6      | Noticed Blork the orc
  5733 | D:6      | Killed Blork the orc
  5783 | D:6      | HP: 2/55 [poisoned by a gnoll]
  5783 | D:6      | Slain by a gnoll

Skill      XL: |  1  2  3  4  5  6  7 |
---------------+----------------------+-----
Axes           | 3 4 5 6 7 |  7.3
Dodging        | 3 4 |  4.4
Fighting       | 4 |  4.8
Stealth        | |  1.7

Action                   |  1- 3 |  4- 6 |  7- 9 || total
-------------------------+-------+-------+-------++-------
Melee: Hand axe          |   155 |   250 |    96 ||   501
       Unarmed           |       |    14 |       ||    14
       Headbutt          |       |    40 |    20 ||    60
 Fire: Hunting sling     |       |     4 |       ||     4
  Use: Potion            |       |       |     1 ||     1
 Stab: Sleeping          |     7 |     2 |     1 ||    10
       Confused          |       |     2 |       ||     2
       Distracted        |       |     1 |     3 ||     4
  Eat: Ration            |     2 |     2 |     1 ||     5
       Chunk             |     2 |       |       ||     2
Armor: Robe              |    14 |    12 |       ||    26
       Leather armour    |       |    57 |    30 ||    87
Dodge: Dodged            |    79 |   144 |    73 ||   296
Block: Other             |    20 |    38 |    27 ||    85
       Reflection        |       |       |     1 ||     1

Vault maps used:
D:1:      mushboom_english_gardens
D:2:      grunt_gozag_breadcrumbs, first_ration
D:3:      nicolae_overflow_crystal_walls, minmay_misc_feat_rows, uniq_ijyb
D:4:      cheibrodos_pilgrimage, serial_shops, nicolae_shop_trees
D:5:      lemuel_doored_altar, gammafunk_temple_overflow_wave, temple_hall
D:6:      uniq_eustachio, uniq_blork_the_orc
